 Dungeon Crawl Stone Soup version 0.30-a0-870-gc5d4c5acee (webtiles) character file.

Game seed: 13285003006388934954

1571677 ragingrage the Hoplite (level 25, 184/184 HPs)
             Began as a Red Draconian Berserker on Mar 10, 2023.
             Was a High Priest of Trog.
             Escaped with the Orb
             ... and 3 runes on Mar 11, 2023!
             The game lasted 02:02:02 (75048 turns).

ragingrage the Hoplite (Red Draconian Berserker)   Turns: 75048, Time: 02:02:03

Health: 184/184    AC: 20    Str: 36      XL:     25   Next: 38%
Magic:  29/29      EV: 24    Int:  2 (3)  God:    Trog [*****.]
Gold:   3960       SH: 29    Dex: 20 (21) Spells: 24/24 levels left

rFire   + + +      SeeInvis +    b - +8 demon trident "Rift" {distort, reach+}
rCold   + . .      Faith    .    o - +4 kite shield "Hagum" {Str+5 Slay-6}
rNeg    + + +      Spirit   +    (body armour unavailable)
rPois   +          Reflect  .    s - +0 mask of the Dragon {Will+ Slay+3 SInv}
rElec   +          Rampage  .    r - +2 cloak {rPois}
rCorr   .                        q - +1 pair of gloves "Notimait" {Str+5}
Will    ++...                    n - +2 pair of boots of Dim Light {Regen+}
Stlth   ++                       u - brooch of Shielding {Spirit SH+8}
HPRegen 1.30/turn                a - ring "Ytrecyas" {Drain rF+++ rN+++ MP+9 Slay-5}
MPRegen 0.21/turn                X - ring "Foik" {Contam rElec rC+ Str+6 SInv}

@: no status effects
A: breathe fire, AC +12, unfitting armour, fire resistance 1, cold-blooded,
talons 1, clumsy 1, deterioration 1, dopey 2, frail 2, low MP 1, screaming 1,
inability to read after injury 1, devolution 1
0: Orb of Zot
}: 3/15 runes: decaying, serpentine, slimy
a: Breathe Fire, Renounce Religion, Berserk, Trog's Hand, Brothers in Arms


You escaped.
You worshipped Trog.
Trog was extremely pleased with you.
You visited 11 branches of the dungeon, and saw 52 of its levels.
You visited the Abyss 1 time.
You also visited: Trove, Gauntlet and Wizlab.

You collected 6318 gold pieces.
You spent 2358 gold pieces at shops.

Inventory:

Hand Weapons
 b - the +8 demon trident "Rift" (weapon) {distort, reach+}
   (You found it on level 4 of the Lair of Beasts)
Missiles
 c - 7 boomerangs (quivered)
 k - a throwing net
 U - 8 curare-tipped darts
 W - 10 silver javelins
Armour
 n - the +2 pair of boots of Dim Light (worn) {Regen+}
   (You found it in a treasure trove)

   Regen:     It increases your rate of health regeneration.
 o - the +4 kite shield "Hagum" (worn) {Str+5 Slay-6}
   (You found it in a treasure trove)

   Str:       It affects your strength (+5).
   Slay:      It affects your accuracy & damage with ranged weapons and melee
   (-6).
 q - the +1 pair of gloves "Notimait" (worn) {Str+5}
   (You found it in a treasure trove)

   Str:       It affects your strength (+5).
 r - a +2 cloak of poison resistance (worn)
 s - the +0 mask of the Dragon (worn) {Will+ Slay+3 SInv}
   (You bought it in a shop on level 2 of the Vaults)

   Slay:      It affects your accuracy & damage with ranged weapons and melee
   (+3).
   SInv:      It lets you see invisible.
   Will:      It increases your willpower.
Jewellery
 a - the ring "Ytrecyas" (left hand) {Drain rF+++ rN+++ MP+9 Slay-5}
   (You acquired it on level 4 of the Realm of Zot)

   [ring of magical power]

   Slay:      It affects your accuracy & damage with ranged weapons and melee
   (-5).
   rF:        It renders you almost immune to fire.
   rN:        It renders you almost immune to negative energy.
   MP:        It affects your magic capacity (+9).
   Drain:     It drains your maximum health when unequipped.
 l - the ring "Vudaner" {rF+ rCorr Str+6}
   (You found it in a Gauntlet)

   [ring of strength]

   Str:       It affects your strength (+6).
   rF:        It protects you from fire.
   rCorr:     It protects you from acid and corrosion.
 u - the brooch of Shielding (around neck) {Spirit SH+8}
   (You took it off a deep elf sorcerer on level 3 of the Elven Halls)

   [amulet of guardian spirit]

   It causes incoming damage to be divided between your reserves of health and
   magic.
   SH:        It affects your SH (+8).
 x - the ring "Focaups" {Contam rC+ rCorr Int+4 Stlth+}
   (You found it in a wizard's laboratory)

   [ring of resist corrosion]

   Int:       It affects your intelligence (+4).
   rC:        It protects you from cold.
   Contam:    It causes magical contamination when unequipped.
   rCorr:     It protects you from acid and corrosion.
   Stlth:     It makes you more stealthy.
 X - the ring "Foik" (right hand) {Contam rElec rC+ Str+6 SInv}
   (You took it off a deep elf high priest on level 3 of the Elven Halls)

   [ring of strength]

   Str:       It affects your strength (+6).
   rC:        It protects you from cold.
   rElec:     It insulates you from electricity.
   SInv:      It lets you see invisible.
   Contam:    It causes magical contamination when unequipped.
Wands
 J - a wand of iceblast (47)
 M - a wand of digging (14)
 N - a wand of acid (27)
 V - a wand of paralysis (45)
Scrolls
 e - 6 scrolls of fear
 g - 18 scrolls of teleportation
 j - 11 scrolls of immolation
 m - 3 scrolls of blinking
 p - 8 scrolls of magic mapping
 w - 8 scrolls of vulnerability
 B - 2 scrolls of butterflies
 I - 2 scrolls of torment
 O - 3 scrolls of silence
 R - 6 scrolls of poison
 S - 7 scrolls of fog
Potions
 f - 12 potions of attraction
 h - 3 potions of berserk rage
 i - 6 potions of ambrosia
 t - a potion of cancellation
 z - 23 potions of curing
 A - 4 potions of invisibility
 D - 8 potions of lignification
 E - 11 potions of heal wounds
 G - 7 potions of might
 H - 5 potions of haste
 L - 6 potions of flight
 T - 2 potions of resistance
 Z - 4 potions of magic
Miscellaneous
 d - a tin of tremorstones (2/2)
 v - a phantom mirror
 C - a lightning rod (4/4)
 F - a condenser vane
 P - a box of beasts
 Q - a phial of floods


   Skills:
 - Level 20.0 Fighting
 - Level 16.0 Long Blades
 - Level 3.3(9.5) Axes
 - Level 13.8(14.0) Polearms
 + Level 20.1 Throwing
 - Level 17.0 Dodging
 - Level 10.0 Stealth
 - Level 21.0 Shields
 - Level 20.0 Evocations


You had 24 spell levels left.
You didn't know any spells.
Your spell library was empty.

Dungeon Overview and Level Annotations

Branches:
Dungeon (15/15)            Temple (1/1) D:6            Lair (5/5) D:11
  Swamp (4/4) Lair:2        Snake (4/4) Lair:3        Slime (5/5) Lair:4
    Orc (2/2) D:9             Elf (3/3) Orc:2        Vaults (4/5) D:14
  Crypt (0/3) Vaults:3     Depths (4/4) D:15            Zot (5/5) Depths:4
 WizLab (visited)         Gauntlet (visited)

Altars:
Dithmenos
Nemelex Xobeh
Ru
Xom
Zin
Jiyva
Lugonu

Shops:
D:2 [   D:10 =   Orc:1 !?(*[   Orc:2 ![(:*   Elf:3 (   Snake:2 :   Snake:4 (
Vaults:2 [   Vaults:3 (

Portals:
Hell: Depths:1 Depths:2 Depths:3 Depths:4
Abyss: Depths:3 Depths:4
Pandemonium: Depths:2
Ziggurat: Depths:1

Annotations:
D:11 exclusion: downstairs
Swamp:1 Roxanne
Snake:2 exclusion: 3 naga sharpshooters, Vashnia
Snake:4 3 runed translucent doors, patfeehan111222's ghost, adept MiBe
Elf:2 3 runed translucent doors
Elf:3 2 transporters, Airmonger's ghost, adept HOFi
Zot:1 4 transporters


Innate Abilities, Weirdness & Mutations

You can breathe blasts of fire.
Your fiery red scales are hard. (AC +12)
You cannot fit into any form of body armour.
Your flesh is heat resistant. (rF+)
You are cold-blooded and may be slowed by cold attacks.
You have sharp toenails.
You are clumsy. (Dex -2)
Your body sometimes deteriorates upon taking damage.
You are very dopey. (Int -4)
You are very frail. (-20% HP)
Your magical capacity is low. (-10% MP)
You occasionally shout uncontrollably at your foes.
You occasionally lose the ability to read scrolls when taking damage.
You have hidden genetic defects.


Message History

You climb upwards.
There is a stone staircase leading down here.
There is a stone staircase leading up here.
You see here a +0 shortbow.
You climb upwards.
There is a stone staircase leading down here.
There is a stone staircase leading up, spattered with blood here.
You climb upwards.
There is a stone staircase leading down here.
There is an escape hatch in the ceiling here.
A mysterious force pulls you upwards. The hatch slams shut behind you.
There is an escape hatch in the ceiling here.
A mysterious force pulls you upwards. The hatch slams shut behind you.
There is a stone staircase leading up here.
You climb upwards.
There is a stone staircase leading down here.
You see here a +0 scale mail.
Things that are here:
a +0 leather armour; a +0 whip You see here a +0 short sword of flaming.
There is a stone staircase leading up here.
You climb upwards.
There is a stone staircase leading down here.
You see here a +0 club.
There is a stone staircase leading up here.
You climb upwards.
There is a stone staircase leading down here.
There is a stone staircase leading up here.
You climb upwards.
There is a stone staircase leading down here.
There is an open door here.
There is an open door here.
An Ice Fiend comes into view.
Throw: 7 boomerangs
Aim: an Ice Fiend (82% to hit)
Okay, then.
A lorocyproca and a demonspawn black sun come into view.
The demonspawn black sun is wielding a +0 demon trident of draining.
There is a staircase leading out of the dungeon here.
You have escaped!

#.#...##...##...##...#.#
######.#..####..##.:####..#.#
.......#..####.2##..####..#.#####
######.#...##6..##...##...#.....)
## #..#...............)..##.####
.## #.###................###.#
..###.########..##..###### #.#
#..##..#######..##..###### #.#
##.###.##.......@..1.....###.#
##..##†#..................##.#
†)#.##.#...##...##...##...##.#
..#.##.#..####..##..####..##.#
..#.##.#..####..##..####..##.#
..#.##.#...##...##...##...##.#
..#..>.#........##........##.#
..###.##'......####......'##.#
..# #...######## ########...#


You could see an Ice Fiend, a demonspawn black sun (wandering) and a lorocyproca
(invisible).

Vanquished Creatures
  A dread lich (Zot:5)
  4 orbs of fire (Zot:5)
  3 royal mummies (Depths:3)
  5 Killer Klowns
  2 curse toes
  3 golden dragons
  Nikola (Swamp:1)
  A bone dragon (Depths:2)
  3 doom hounds (Zot:1)
  11 tentacled monstrosities
  4 electric golems
  Jorgrun (Elf:1)
  A moon troll (WizLab)
  Zenata (Vaults:3)
  An Ice Fiend (D:13)
  Mlioglotl (Snake:1)
  4 liches
  Grunn (Zot:1)
  21 Orb Guardians
  5 quicksilver dragons
  3 titans
  Asterion (Depths:1)
  6 death cobs
  17 acid blobs
  2 deep elf blademasters (Elf:3)
  Agnes (Elf:1)
  7 tentacled starspawn
  Frances (Swamp:2)
  3 thorn hunters
  12 storm dragons
  Kirke (Swamp:3)
  5 shadow dragons
  5 tengu reavers
  A draconian knight (Zot:4)
  Donald (Swamp:3)
  6 nagarajas
  10 azure jellies
  6 draconian monks
  6 frost giants
  4 rockslimes
  4 fire giants
  A balrug (Abyss:2)
  Louise (Swamp:3)
  2 draconian scorchers
  Aizul (Swamp:3)
  10 deep elf sorcerers (Elf:3)
  2 draconian shifters
  4 ghouls
  3 deep elf elementalists (Elf:3)
  10 vault wardens
  4 draconian stormcallers
  2 spriggan defenders
  3 draconian annihilators
  2 cacodemons (WizLab)
  21 ironbound preservers
  4 quicksilver oozes
  12 very ugly things
  3 orc warlords
  5 ironbound thunderhulks
  The ghost of Erefu the Fighter, a journeyman MiHu of Gozag (Lair:5)
  2 vampire knights
  3 war gargoyles
  14 stone giants
  3 deep elf demonologists (Elf:3)
  A demonspawn black sun (Zot:2)
  An ophan (Abyss:2)
  6 dire elephants
  8 deep elf annihilators
  3 eleionomae
  Nessos (Lair:4)
  13 green draconians
  5 black draconians
  6 bunyips
  10 white draconians
  An eidolon (Vaults:3)
  2 spark wasps (Depths:3)
  4 red draconians
  5 yellow draconians
  10 purple draconians
  A crystal guardian (Vaults:2)
  The ghost of Zenkrye the Spear-Bearer, a journeyman HuCA of Ignis (D:11)
  Josephine (Lair:4)
  7 ettins
  2 mummy priests (Depths:3)
  5 deep elf death magi
  7 deep elf high priests (Elf:3)
  7 yaktaur captains
  12 great orbs of eyes
  7 fire dragons
  A jiangshi (Vaults:3)
  14 vault guards
  6 ice dragons
  9 anacondas
  21 hydras
  A rakshasa (Depths:1)
  A hell beast (Depths:2)
  3 salamander tyrants
  3 ghost crabs
  9 ironbound frosthearts
  2 ogre magi
  3 peacekeepers
  4 boulder beetles
  9 spriggan air magi
  Erica (Lair:2)
  2 catoblepae
  6 centaur warriors
  13 deep troll shamans
  4 alligators
  9 naga warriors
  A hell hog (Depths:2)
  A two-headed ogre (shapeshifter) (Elf:1)
  5 two-headed ogres
  15 dancing weapons
  5 deep troll earth magi
  17 spriggans
  8 spriggan berserkers
  8 tengu warriors
  14 naga sharpshooters
  3 orc high priests (Orc:2)
  4 shock serpents
  A soul eater (Abyss:2)
  A vampire mage (Depths:3)
  2 hell knights (Depths:4)
  10 deep elf knights
  Nergalle (D:11)
  2 salamander mystics (Snake:3)
  A skyshark (Lair:5)
  3 wretched stars
  6 iron trolls
  A death drake (Zot:4)
  2 goliath frogs (Swamp:1)
  An orange crystal statue (WizLab)
  A skeletal warrior (D:14)
  Amaemon (Lair:1)
  A fire crab (Gauntlet)
  2 flayed ghosts
  54 deep trolls
  9 glowing orange brains
  7 spriggan druids
  17 swamp dragons
  A phantasmal warrior (Vaults:4)
  10 bog bodies
  6 naga ritualists
  21 lindwurms
  2 obsidian statues (D:12)
  A tengu zombie (Vaults:2)
  10 wizards
  4 harpies (Vaults:1)
  4 orc knights
  34 deep elf pyromancers
  3 necromancers
  13 ironbound convokers
  10 mana vipers
  15 deep elf archers
  4 orc sorcerers
  32 ugly things
  4 will-o-the-wisps
  31 deep elf zephyrmancers
  8 cyclopes
  A wolf spider (D:12)
  4 manticores
  A salamander (shapeshifter) (Depths:1)
  9 salamanders
  11 starcursed masses
  3 shining eyes
  A moth of wrath (shapeshifter) (Elf:1)
  8 oklob plants
  3 human zombies (Vaults:2)
  6 elephants
  18 moths of wrath
  10 vault sentinels
  40 black mambas
  A guardian serpent (Snake:1)
  The ghost of baller8008 the Magician, a novice DECj of Dithmenos (D:7)
  11 naga magi
  2 torpor snails (Lair:5)
  2 orange demons
  9 cane toads
  9 eyes of devastation
  2 gargoyles
  3 kobold demonologists
  8 rime drakes
  9 komodo dragons
  34 yaktaurs
  A freezing wraith (D:14)
  3 large abominations (Abyss:2)
  15 hornets
  9 trolls
  7 tyrant leeches
  A hellwing (Elf:3)
  A meliai (shapeshifter) (Elf:1)
  7 polar bears
  A wolf spider simulacrum (D:14)
  A dream sheep (Lair:3)
  21 blink frogs
  A raiju (Abyss:2)
  102 slime creatures
  6 water elementals
  Eustachio (D:5)
  A vampire (D:10)
  3 shadows
  3 fire elementals
  7 wyverns
  5 wraiths
  46 yaks
  5 air elementals
  A hog (Swamp:3)
  13 basilisks
  A hog (shapeshifter) (D:13)
  7 golden eyes
  5 steam dragons
  6 vampire mosquitoes
  3 fire bats (Gauntlet)
  2 chaos spawn (Gauntlet)
  2 neqoxecs
  13 swamp worms
  7 wargs
  47 nagas
  22 water moccasins
  11 spatial vortices
  A swamp worm (shapeshifter) (Depths:4)
  4 acid dragons
  A spectral yak (Lair:2)
  2 hell hounds (Gauntlet)
  A floating eye (Depths:1)
  A swamp drake (shapeshifter) (Depths:4)
  3 black bears
  35 orc warriors
  13 swamp drakes
  2 ice beasts (D:7)
  3 sky beasts
  A spectral polar bear (Lair:2)
  7 ogres
  8 boggarts
  14 wolves
  14 centaurs
  A phantom (D:7)
  8 kobold brigands
  8 bullfrogs
  An earth elemental (Elf:1)
  2 necrophages (Swamp:4)
  A gnoll sergeant (D:10)
  4 scorpions
  3 wights (D:10)
  4 killer bees
  An electric eel (Elf:3)
  6 howler monkeys
  2 jellies
  3 gnoll boudas
  19 orc priests
  3 hounds (D:4)
  A sleepcap (D:4)
  Ijyb (D:4)
  4 iguanas
  15 orc wizards
  Natasha (thrice) (D:3)
  20 gnolls
  5 adders
  4 white imps
  A worm (D:2)
  3 dart slugs
  69 orcs
  9 ball pythons
  A bat (D:3)
  3 endoplasms
  3 giant cockroaches
  6 goblins
  6 hobgoblins
  4 jackals (D:4)
  3 quokkas
  3 frilled lizards
  27 kobolds
  5 rats
  6 starspawn tentacles
1924 creatures vanquished.

Vanquished Creatures (collateral kills)
  the Royal Jelly (Slime:5)
  Mennas (Depths:3)
  A Killer Klown (Zot:5)
  A curse toe (Zot:1)
  A walking divine tome (Depths:2)
  2 acid blobs (Slime:5)
  3 tentacled starspawn (WizLab)
  A death cob (Zot:5)
  A draconian scorcher (Zot:1)
  A ghoul (Vaults:3)
  A very ugly thing (WizLab)
  An ironbound thunderhulk (Vaults:3)
  A stone giant (Depths:1)
  A stone giant (shapeshifter) (D:13)
  3 dire elephants (Vaults:2)
  2 deep elf annihilators (Elf:3)
  A demonspawn black sun (Zot:2)
  A minotaur (Gauntlet)
  A deep elf high priest (Elf:3)
  A two-headed ogre (D:12)
  An anaconda (Snake:4)
  2 centaur warriors
  A naga warrior (Snake:1)
  A deep troll shaman (Depths:4)
  A deep troll earth mage (Depths:4)
  2 shock serpents (Snake:1)
  A glowing orange brain (Vaults:2)
  A wizard (Vaults:2)
  A mana viper (shapeshifter) (Vaults:3)
  A manticore (shapeshifter) (Depths:1)
  A mana viper (Snake:4)
  A salamander (Snake:1)
  An ugly thing (Vaults:2)
  2 will-o-the-wisps
  4 black mambas (Snake:4)
  A moth of wrath (Zot:5)
  A tyrant leech (Swamp:2)
  2 slime creatures (Slime:5)
  2 nagas (Snake:1)
  A starspawn tentacle (WizLab)
54 creatures vanquished.

Vanquished Creatures (others)
  A draconian knight (Zot:4)
  A yellow draconian (Zot:1)
  A deep elf knight (Elf:3)
  A wizard (Vaults:4)
  A deep elf zephyrmancer (Elf:1)
  2 deep elf pyromancers (Elf:1)
  8 bloated husks
  A swamp drake (Swamp:3)
  An iguana (Lair:5)
  A gnoll (D:7)
  4 demonic plants (WizLab)
  13 foxfires
  39 fungi
  58 plants
  12 starspawn tentacles
  14 withered plants (Gauntlet)
158 creatures vanquished.

Grand Total: 2136 creatures vanquished

Notes
Turn   | Place    | Note
-------+----------+-------------------------------------------
     0 | D:1      | ragingrage the Draconian Berserker began the quest for the
                  | Orb.
     0 | D:1      | Reached XP level 1. HP: 19/19 MP: 1/1
   313 | D:1      | Reached XP level 2. HP: 25/26 MP: 2/2
   559 | D:1      | Found a faded altar of an unknown god.
  1221 | D:2      | Found Eheas's Armour Emporium.
  1224 | D:2      | Reached ** piety under Trog
  1225 | D:2      | Reached XP level 3. HP: 31/31 MP: 3/3
  1474 | D:2      | Reached skill level 1 in Stealth
  1537 | D:1      | Reached XP level 4. HP: 21/38 MP: 4/4
  2005 | D:3      | Noticed Natasha
  2020 | D:3      | Killed Natasha
  2094 | D:3      | Noticed Natasha
  2097 | D:3      | You fall into a shaft and drop 3 floors!
  2123 | D:6      | Reached skill level 5 in Long Blades
  2142 | D:6      | Noticed a steam dragon
  2161 | D:6      | Killed a steam dragon
  2162 | D:6      | Reached XP level 5. HP: 37/45 MP: 5/5
  2267 | D:6      | Noticed an ogre
  2309 | D:5      | Entered Level 5 of the Dungeon
  2461 | D:4      | Reached XP level 6. HP: 51/51 MP: 6/6
  2687 | D:4      | Noticed Ijyb
  2709 | D:4      | Killed Ijyb
  2717 | D:4      | Your scales start taking on a fiery red colour.
  2717 | D:4      | Reached XP level 7. HP: 59/59 MP: 7/7
  2717 | D:4      | Gained mutation: Your flesh is heat resistant. (rF+) [Red
                  | Draconian growth]
  3089 | D:3      | Killed Natasha
  3150 | D:3      | Noticed Natasha
  3164 | D:3      | Killed Natasha
  3544 | D:5      | Noticed Eustachio
  3583 | D:5      | Killed Eustachio
  3618 | D:5      | Reached *** piety under Trog
  3729 | D:6      | Reached XP level 8. HP: 40/66 MP: 8/8
  3909 | D:6      | Found a staircase to the Ecumenical Temple.
  4200 | D:6      | Found a shimmering altar of Xom.
  4238 | D:6      | Found a glowing silver altar of Zin.
  4351 | D:5      | Reached skill level 10 in Long Blades
  4808 | D:7      | Found a runed translucent door.
  5336 | D:7      | Reached XP level 9. HP: 71/71 MP: 9/9
  5422 | D:7      | Noticed a kobold demonologist
  5435 | D:7      | Noticed an ice devil
  5436 | D:7      | Killed a kobold demonologist
  5538 | D:7      | Reached skill level 1 in Shields
  5600 | D:7      | Reached skill level 2 in Shields
  5625 | D:8      | Noticed a lindwurm
  5860 | D:8      | Reached skill level 3 in Shields
  6103 | D:8      | Noticed a lindwurm
  6140 | D:8      | Noticed a lindwurm
  6145 | D:8      | Noticed a lindwurm
  6259 | D:8      | Noticed a two-headed ogre
  6278 | D:8      | Killed a two-headed ogre
  6279 | D:8      | Reached XP level 10. HP: 71/78 MP: 10/10
  6435 | D:7      | Noticed baller8008's ghost (novice DECj)
  6570 | D:7      | Reached **** piety under Trog
  6800 | D:6      | Reached skill level 1 in Evocations
  6888 | D:6      | Reached skill level 1 in Throwing
  6965 | Temple   | Entered the Ecumenical Temple
  7794 | D:9      | Identified the +7 broad axe "Keshryt" {antimagic, rF+ Dex+4
                  | SInv}
  8061 | D:9      | Reached skill level 4 in Shields
  8079 | D:9      | Reached skill level 5 in Fighting
  8142 | D:9      | Reached ***** piety under Trog
  8192 | D:9      | Reached skill level 1 in Axes
  8236 | D:9      | Found a staircase to the Orcish Mines.
  8547 | D:10     | Entered Level 10 of the Dungeon
  9246 | D:10     | Found Baelal's Jewellery Shoppe.
  9246 | D:10     | Noticed a gargoyle
  9767 | D:10     | Bought a ring of poison resistance for 220 gold pieces
  9799 | D:10     | Killed a gargoyle
  9800 | D:10     | Reached XP level 11. HP: 80/89 MP: 3/11
 10066 | D:11     | Noticed Nergalle
 10078 | D:11     | Killed Nergalle
 10183 | D:11     | Received a gift from Trog
 10296 | D:11     | Reached skill level 5 in Dodging
 10357 | D:11     | Found a staircase to the Lair.
 10387 | D:11     | Noticed a two-headed ogre
 10396 | D:11     | Killed a two-headed ogre
 10415 | D:11     | Noticed a two-headed ogre
 10449 | D:11     | Killed a two-headed ogre
 10578 | D:11     | Reached skill level 5 in Evocations
 10807 | D:11     | Found a runed translucent door.
 10807 | D:11     | Noticed Zenkrye's ghost (journeyman HuCA)
 10881 | D:11     | Reached skill level 5 in Throwing
 11170 | D:12     | Noticed a two-headed ogre
 11178 | D:12     | Killed a two-headed ogre
 11179 | D:12     | Reached XP level 12. HP: 85/101 MP: 12/12
 11759 | D:12     | Noticed a centaur warrior
 11770 | D:12     | Noticed a two-headed ogre
 11771 | D:12     | Noticed an ogre mage
 11771 | D:12     | Noticed a yaktaur captain
 11789 | D:12     | Killed a two-headed ogre
 11790 | D:12     | Killed a centaur warrior
 11943 | D:12     | Killed a yaktaur captain
 12388 | D:12     | Noticed a centaur warrior
 12395 | D:12     | Killed a centaur warrior
 12451 | D:12     | Noticed a fire giant
 12471 | Lair:1   | Entered Level 1 of the Lair of Beasts
 12541 | Lair:1   | Found a transporter.
 12542 | Lair:1   | Found a transporter.
 12543 | Lair:1   | Noticed a boulder beetle
 13353 | Lair:1   | Noticed Amaemon
 13362 | Lair:1   | Killed Amaemon
 13483 | Lair:2   | Found a gate leading to a gauntlet.
 13488 | Lair:2   | Noticed a boulder beetle
 13491 | Gauntlet | Entered a Gauntlet
 13491 | Gauntlet | Found a transporter.
 13491 | Gauntlet | Found a transporter.
 13494 | Gauntlet | Found a transporter.
 13495 | Gauntlet | Found a transporter.
 13495 | Gauntlet | Found a transporter.
 13495 | Gauntlet | Found a transporter.
 13497 | Gauntlet | Found a large runed translucent door.
 13498 | Gauntlet | Found a large runed translucent door.
 13499 | Gauntlet | Found a large runed translucent door.
 13499 | Gauntlet | Found a large runed translucent door.
 13499 | Gauntlet | Found a runed translucent door.
 13499 | Gauntlet | Found a runed translucent door.
 13500 | Gauntlet | Found a large runed translucent door.
 13500 | Gauntlet | Found a large runed translucent door.
 13500 | Gauntlet | Found a large runed translucent door.
 13500 | Gauntlet | Found a large runed translucent door.
 13501 | Gauntlet | Found a large runed translucent door.
 13501 | Gauntlet | Found a large runed translucent door.
 13502 | Gauntlet | Found a large runed translucent door.
 13502 | Gauntlet | Found a large runed translucent door.
 13503 | Gauntlet | Found a runed translucent gate.
 13503 | Gauntlet | Found a runed translucent gate.
 13503 | Gauntlet | Found a runed translucent gate.
 13505 | Gauntlet | Found a transporter.
 13509 | Gauntlet | Found a transporter.
 13519 | Gauntlet | Found a transporter.
 13519 | Gauntlet | Noticed a hell hog
 13551 | Gauntlet | Found a large runed translucent door.
 13551 | Gauntlet | Found a large runed translucent door.
 13554 | Gauntlet | Found a large runed translucent door.
 13554 | Gauntlet | Found a large runed translucent door.
 13621 | Gauntlet | Found a transporter.
 13625 | Gauntlet | Found a transporter.
 13635 | Gauntlet | Found a transporter.
 13877 | Gauntlet | Reached skill level 10 in Fighting
 13907 | Gauntlet | Identified the ring "Vudaner" {rF+ rCorr Str+6}
 13940 | Gauntlet | Reached XP level 13. HP: 49/113 MP: 13/13
 14023 | Gauntlet | Noticed a minotaur
 14042 | Gauntlet | Killed a minotaur
 14054 | Gauntlet | Identified the +1 robe "Toigomop" {Stlth+}
 14161 | Lair:2   | Noticed Erica
 14357 | Lair:2   | Killed Erica
 14404 | Lair:2   | Identified the -1 cloak "Witwep" {rC++}
 15287 | Lair:3   | Reached skill level 15 in Long Blades
 15352 | Lair:3   | Found a staircase to the Snake Pit.
 15622 | Lair:3   | Received a gift from Trog
 16700 | Lair:4   | Found the +8 demon trident "Rift" {distort, reach+}
 16723 | Lair:4   | Noticed Nessos
 16732 | Lair:4   | Killed Nessos
 16781 | Lair:4   | Noticed Josephine
 16799 | Lair:4   | Killed Josephine
 16829 | Lair:3   | Reached skill level 5 in Shields
 17022 | Lair:4   | Reached XP level 14. HP: 119/122 MP: 14/14
 17463 | Lair:4   | Found a staircase to the Slime Pits.
 17637 | Lair:5   | Entered Level 5 of the Lair of Beasts
 17698 | Lair:5   | Reached skill level 10 in Dodging
 17952 | Lair:4   | Received a gift from Trog
 18890 | Lair:5   | Identified the +6 shortbow of Dullness {flame, rCorr}
 19245 | Lair:5   | Found a runed translucent door.
 19313 | Lair:5   | Noticed Erefu's ghost (journeyman MiHu)
 19505 | Lair:5   | Killed Erefu's ghost
 19524 | Lair:5   | Identified the +1 pair of gloves of Snakes and Ladders
                  | {Rampage rPois rCorr}
 19661 | Orc:1    | Entered Level 1 of the Orcish Mines
 19661 | Orc:1    | Noticed an orc warlord
 19661 | Orc:1    | Noticed an orc warlord
 19672 | D:9      | HP: 6/132 [poisoned by an orc warlord]
 19673 | D:9      | HP: 2/132 [poisoned by an orc warlord]
 19954 | D:8      | Reached skill level 1 in Polearms
 21087 | D:13     | an eleionoma changed into a shadow dragon
 21087 | D:13     | Noticed a shadow dragon (glowing shapeshifter)
 21088 | D:13     | a shadow dragon changed into a stone giant
 21088 | D:13     | Noticed a stone giant (glowing shapeshifter)
 21093 | D:13     | Killed a stone giant
 21097 | D:13     | Reached XP level 15. HP: 39/139 MP: 15/15
 21689 | D:14     | Found a sacrificial altar of Ru.
 22131 | D:14     | Found a gate to the Vaults.
 22150 | D:14     | Reached skill level 15 in Fighting
 22161 | D:14     | Reached skill level 5 in Polearms
 23296 | D:9      | Found a staircase to the Orcish Mines.
 23582 | Orc:1    | Found Juafeloqae's Antique Armour Emporium.
 23782 | Orc:1    | Found Hoavuaosegg's Humungous Hoard.
 23787 | Orc:1    | Found Zeut Mas's Weapon Shop.
 23844 | Orc:1    | Received a gift from Trog
 24057 | Orc:1    | Found Nehurus's Magic Scroll Shoppe.
 24123 | Orc:1    | Found Muoki's Distillery.
 24131 | Orc:1    | Bought a potion of heal wounds for 50 gold pieces
 24131 | Orc:1    | Bought a potion of haste for 100 gold pieces
 24194 | Orc:2    | Entered Level 2 of the Orcish Mines
 24195 | Orc:2    | Found Riecint's General Store.
 24400 | Orc:2    | Found Urchuudd's Antique Armour Emporium.
 24568 | Orc:2    | Found Huetaome's Antique Weapon Emporium.
 24685 | Orc:2    | Found Zeeceeq's Distillery.
 24721 | Orc:2    | Received a gift from Trog
 24751 | Orc:2    | Found Qairph's Book Shoppe.
 24755 | Orc:2    | Found a staircase to the Elven Halls.
 25107 | Orc:1    | Bought a potion of heal wounds for 50 gold pieces
 25107 | Orc:1    | Bought a potion of heal wounds for 50 gold pieces
 25532 | D:15     | Entered Level 15 of the Dungeon
 26176 | D:15     | Found a staircase to the Depths.
 26900 | Snake:1  | Entered Level 1 of the Snake Pit
 27171 | Snake:1  | Reached XP level 16. HP: 114/149 MP: 16/16
 27212 | Snake:1  | Identified the +12 scimitar of the Final Decision {flame,
                  | rN+} (Trog gifted it to you on level 1 of the Snake Pit)
 27212 | Snake:1  | Received a gift from Trog
 27860 | Snake:2  | Noticed Mlioglotl
 27870 | Snake:1  | Killed Mlioglotl
 28048 | Snake:2  | You fall into a shaft and drop 1 floor!
 28494 | Snake:3  | Reached skill level 6 in Shields
 28504 | Snake:3  | Reached skill level 10 in Polearms
 28695 | Snake:2  | Received a gift from Trog
 28967 | Snake:2  | Noticed Vashnia
 29227 | Snake:2  | Reached skill level 7 in Shields
 29330 | Snake:2  | Found Miokh's Self-Improvement Boutique.
 29339 | Snake:2  | Bought a manual of Shields for 1120 gold pieces
 30104 | Snake:4  | Entered Level 4 of the Snake Pit
 30196 | Snake:4  | Reached skill level 8 in Shields
 30301 | Snake:4  | Received a gift from Trog
 30518 | Snake:4  | Reached XP level 17. HP: 156/156 MP: 17/17
 30537 | Snake:4  | Reached skill level 9 in Shields
 30562 | Snake:4  | Found a runed translucent gate.
 30563 | Snake:4  | Found a runed translucent gate.
 30564 | Snake:4  | Found a runed translucent gate.
 30580 | Snake:4  | Noticed patfeehan111222's ghost (adept MiBe)
 30820 | Snake:4  | Found Peohuac's Weapon Emporium.
 30920 | Snake:4  | Reached skill level 15 in Dodging
 30966 | Snake:4  | Reached skill level 10 in Shields
 31318 | Snake:4  | Reached skill level 11 in Shields
 31539 | Snake:4  | Reached skill level 12 in Shields
 31863 | Snake:4  | Got a serpentine rune of Zot
 32172 | D:7      | Killed baller8008's ghost
 32502 | D:11     | Killed Zenkrye's ghost
 32647 | D:12     | Reached skill level 13 in Shields
 32813 | Lair:2   | Found a staircase to the Swamp.
 33209 | Lair:3   | Received a gift from Trog
 33305 | Lair:4   | Found a viscous altar of Jiyva.
 33312 | Lair:4   | Reached skill level 14 in Shields
 33434 | Swamp:1  | Entered Level 1 of the Swamp
 33452 | Swamp:1  | Noticed Roxanne
 33948 | Swamp:1  | Identified the -1 pair of gloves "Kiriy" {rC+ rN+ Int-5
                  | SInv}
 33948 | Swamp:1  | Noticed Nikola
 33960 | Swamp:1  | Killed Nikola
 33961 | Swamp:1  | Reached skill level 15 in Shields
 34622 | Swamp:2  | Noticed Frances
 34634 | Swamp:2  | Killed Frances
 35327 | Swamp:3  | Noticed Aizul
 35351 | Swamp:3  | Killed Aizul
 35482 | Swamp:3  | Reached skill level 10 in Evocations
 35592 | Swamp:3  | Noticed Louise
 35686 | Swamp:3  | Noticed Kirke
 35704 | Swamp:3  | Killed Kirke
 35705 | Swamp:3  | Killed Louise
 35810 | Swamp:3  | Reached XP level 18. HP: 166/166 MP: 18/18
 36009 | Swamp:4  | Entered Level 4 of the Swamp
 36091 | Swamp:4  | Noticed Donald
 36200 | Swamp:3  | Killed Donald
 37144 | Swamp:4  | Got a decaying rune of Zot
 37556 | Elf:1    | Entered Level 1 of the Elven Halls
 37570 | Elf:1    | Reached ****** piety under Trog
 37570 | Elf:1    | Received a gift from Trog
 37674 | Elf:1    | Found a magical portal.
 37687 | WizLab   | Entered Lehudib's Moon Base
 37968 | WizLab   | Identified the ring "Focaups" {Contam rC+ rCorr Int+4
                  | Stlth+}
 38278 | WizLab   | Found a transporter.
 38608 | WizLab   | Paralysed by a great orb of eyes for 4 turns
 38692 | WizLab   | Found a transporter.
 38893 | WizLab   | Gained mutation: Your spells are a little easier to cast,
                  | but a little less powerful. [a cacodemon]
 38921 | WizLab   | Noticed a moon troll
 38949 | WizLab   | Killed a moon troll
 39032 | WizLab   | Reached XP level 19. HP: 150/179 MP: 19/19
 39075 | WizLab   | Identified the ring "Bolomp" {rElec rPois rF+ Int+3}
 39193 | WizLab   | Gained mutation: Your body sometimes deteriorates upon
                  | taking damage. [a cacodemon]
 39196 | WizLab   | Gained mutation: You are occasionally teleported next to
                  | monsters. [a cacodemon]
 39239 | WizLab   | Lost mutation: You are occasionally teleported next to
                  | monsters. [potion of mutation]
 39239 | WizLab   | Lost mutation: Your spells are a little easier to cast, but
                  | a little less powerful. [potion of mutation]
 39239 | WizLab   | Lost mutation: Your body sometimes deteriorates upon taking
                  | damage. [potion of mutation]
 39239 | WizLab   | Gained mutation: You are agile. (Dex +4, Str/Int -1)
                  | [potion of mutation]
 39239 | WizLab   | Gained mutation: You are very agile. (Dex +8, Str/Int -2)
                  | [potion of mutation]
 39370 | Elf:1    | Noticed Jorgrun
 39390 | Elf:1    | Noticed Agnes
 39392 | Elf:1    | Killed Jorgrun
 39403 | Elf:1    | Killed Agnes
 39423 | Elf:1    | Received a gift from Trog
 40562 | Elf:2    | Identified the +2 spear of the Sun {heavy, Str+3 Dex+2
                  | Stlth-} (Trog gifted it to you on level 2 of the Elven
                  | Halls)
 40562 | Elf:2    | Received a gift from Trog
 40593 | Elf:2    | Reached skill level 15 in Evocations
 40676 | Elf:2    | Paralysed by an air elemental for 1 turns
 40836 | Elf:2    | Found a runed translucent gate.
 40868 | Elf:2    | Found a runed translucent gate.
 40869 | Elf:2    | Found a runed translucent gate.
 40901 | Elf:3    | Entered Level 3 of the Elven Halls
 40901 | Elf:3    | Noticed Airmonger's ghost (adept HOFi)
 40901 | Elf:3    | Found a transporter.
 40901 | Elf:3    | Found a transporter.
 41127 | Elf:3    | Found Xupluol's Weapon Boutique.
 41134 | Elf:3    | Identified the +3 war axe of Shame {flame, Int+3 Dex+3}
 41547 | Elf:3    | Noticed a Brimstone Fiend
 42029 | Elf:3    | Received a gift from Trog
 42372 | Elf:3    | Reached skill level 10 in Throwing
 42506 | Elf:3    | Identified the +8 long sword of Salt {pain, Int+2}
 42568 | Abyss:2  | Cast into level 2 of the Abyss (a ghostly deep elf
                  | demonologist)
 42911 | Elf:3    | Escaped the Abyss
 42911 | Elf:3    | Identified the +9 rapier "Qiwkubro" {venom, rPois rN+ Str+3
                  | Stlth-}
 42911 | Elf:3    | Identified the ring "Foik" {Contam rElec rC+ Str+6 SInv}
 42916 | Elf:3    | Reached skill level 5 in Stealth
 42919 | Elf:3    | Reached XP level 20. HP: 158/187 MP: 20/20
 43446 | Elf:3    | Identified the +2 leather armour of Midnight {Will+}
 43493 | Elf:3    | Identified the +7 short sword "Gram" {protect, rC+ Int+2}
 43534 | Elf:3    | Identified the ring of Temperance {Dex+3 SInv}
 43554 | Elf:3    | Received a gift from Trog
 43563 | Elf:3    | Identified the +0 flail of Doom {freeze, Fly rC- Int+2}
 43793 | Elf:3    | Identified the +11 quarterstaff of Xom's Favour {heavy,
                  | rElec}
 43801 | Elf:3    | Identified the +11 whip of Elys Wem {venom, rElec rF+
                  | Stlth-}
 43969 | Elf:3    | Identified the +1 pair of gloves "Touk" {rN+ SInv}
 44346 | Vaults:1 | Entered Level 1 of the Vaults
 44581 | Vaults:1 | Received a gift from Trog
 46402 | Vaults:2 | Received a gift from Trog
 46803 | Vaults:2 | Found Dupuop's Antique Armour Emporium.
 46853 | Vaults:2 | Bought the +0 mask of the Dragon {Will+ Slay+3 SInv} for
                  | 768 gold pieces
 46853 | Vaults:2 | Found the +0 mask of the Dragon {Will+ Slay+3 SInv}
 47938 | Vaults:3 | Reached XP level 21. HP: 195/195 MP: 21/21
 48037 | Vaults:3 | Found a portal to a secret trove of treasure.
 48089 | Vaults:3 | Noticed Zenata
 48239 | Vaults:3 | Received a gift from Trog
 48823 | Vaults:3 | Killed Zenata
 49043 | Vaults:3 | Found Heufei's Weapon Shoppe.
 49113 | Vaults:3 | Found a staircase to the Crypt.
 50084 | Vaults:4 | Reached skill level 15 in Throwing
 50374 | Vaults:4 | Received a gift from Trog
 51437 | Depths:1 | Entered Level 1 of the Depths
 51533 | Depths:1 | Reached skill level 10 in Stealth
 52003 | Depths:1 | Reached XP level 22. HP: 206/206 MP: 22/22
 52024 | Depths:1 | Noticed Asterion
 52029 | Depths:1 | Killed Asterion
 52383 | Depths:1 | Received a gift from Trog
 52447 | Depths:1 | Found a one-way gateway to a ziggurat.
 52627 | Depths:1 | Found a shadowy altar of Dithmenos.
 52687 | Depths:1 | Found a gateway to Hell.
 54160 | Depths:2 | Received a gift from Trog
 54200 | Depths:2 | You fall into a shaft and drop 1 floor!
 54437 | Depths:2 | Found a one-way gate leading to the halls of Pandemonium.
 54716 | Depths:2 | Found a sparkling altar of Nemelex Xobeh.
 54878 | Depths:2 | Identified the +5 halberd of Ascent {elec, rF+}
 54983 | Depths:3 | Found a one-way gate to the infinite horrors of the Abyss.
 55468 | Depths:3 | Noticed Mennas
 55477 | Depths:3 | Killed Mennas
 56146 | Depths:3 | Noticed a royal mummy
 56149 | Depths:3 | Noticed a royal mummy
 56152 | Depths:3 | Noticed a royal mummy
 56157 | Depths:3 | Killed a royal mummy
 56157 | Depths:3 | Received a gift from Trog
 56161 | Depths:3 | Killed a royal mummy
 56163 | Depths:3 | Killed a royal mummy
 56184 | Depths:3 | Found the +7 sceptre of Torment {pain, torment}
 56532 | Depths:4 | Entered Level 4 of the Depths
 57278 | Depths:4 | Found a corrupted altar of Lugonu.
 57476 | Depths:4 | Reached XP level 23. HP: 215/215 MP: 23/23
 58388 | Depths:4 | Reached skill level 16 in Shields
 58405 | Depths:4 | Found a gate to the Realm of Zot.
 58930 | Slime:1  | Entered Level 1 of the Pits of Slime
 59176 | Slime:1  | Gained mutation: You are occasionally teleported next to
                  | monsters. [a shining eye]
 59180 | Slime:1  | Lost mutation: You are very agile. (Dex +8, Str/Int -2)
                  | [potion of mutation]
 59180 | Slime:1  | Lost mutation: You are agile. (Dex +4, Str/Int -1) [potion
                  | of mutation]
 59180 | Slime:1  | Gained mutation: You are partially covered in large bone
                  | plates. (SH +4) [potion of mutation]
 59180 | Slime:1  | Gained mutation: You have a somewhat thin skeletal
                  | structure. (Dex +2, Stealth+) [potion of mutation]
 59187 | Slime:1  | Lost mutation: You have a somewhat thin skeletal structure.
                  | (Dex +2, Stealth+) [potion of mutation]
 59187 | Slime:1  | Lost mutation: You are occasionally teleported next to
                  | monsters. [potion of mutation]
 59187 | Slime:1  | Lost mutation: You are partially covered in large bone
                  | plates. (SH +4) [potion of mutation]
 59187 | Slime:1  | Gained mutation: You occasionally lose the ability to drink
                  | potions when taking damage. [potion of mutation]
 59370 | Slime:2  | Received a gift from Trog
 59495 | Slime:5  | Entered Level 5 of the Pits of Slime
 60040 | Slime:5  | Noticed the Royal Jelly
 60199 | Slime:3  | Reached skill level 17 in Shields
 61570 | Slime:5  | Found a viscous altar of Jiyva.
 61599 | Slime:5  | Killed the Royal Jelly
 61600 | Slime:5  | Reached skill level 18 in Shields
 61711 | Slime:5  | Got a slimy rune of Zot
 61727 | Slime:5  | Identified the +6 dagger of Huwa {heavy, rN+ Str+4 Dex-4}
 61747 | Slime:5  | Identified the +6 ring mail of Disappointment {Will+ Dex+3}
 61773 | Slime:5  | Gained mutation: Your magical capacity is low. (-10% MP) [a
                  | shining eye]
 61775 | Slime:5  | Gained mutation: You are weak. (Str -2) [a shining eye]
 61779 | Slime:5  | Gained mutation: You occasionally lose the ability to read
                  | scrolls when taking damage. [a shining eye]
 61803 | Slime:5  | Lost mutation: You are weak. (Str -2) [potion of mutation]
 61803 | Slime:5  | Lost mutation: Your magical capacity is low. (-10% MP)
                  | [potion of mutation]
 61803 | Slime:5  | Lost mutation: You occasionally lose the ability to drink
                  | potions when taking damage. [potion of mutation]
 61803 | Slime:5  | Gained mutation: You are weak. (Str -2) [potion of
                  | mutation]
 61803 | Slime:5  | Gained mutation: You are strong-willed. (Will+) [potion of
                  | mutation]
 61803 | Slime:5  | Gained mutation: You are covered in fur. (AC +1) [potion of
                  | mutation]
 61803 | Slime:5  | Gained mutation: You are covered in thick fur. (AC +2)
                  | [potion of mutation]
 61804 | Slime:5  | Lost mutation: You are covered in thick fur. (AC +2)
                  | [potion of mutation]
 61804 | Slime:5  | Lost mutation: You are strong-willed. (Will+) [potion of
                  | mutation]
 61804 | Slime:5  | Lost mutation: You are covered in fur. (AC +1) [potion of
                  | mutation]
 61804 | Slime:5  | Gained mutation: Your natural rate of healing is unusually
                  | fast. [potion of mutation]
 61804 | Slime:5  | Gained mutation: You are clumsy. (Dex -2) [potion of
                  | mutation]
 61804 | Slime:5  | Gained mutation: Your tail ends in a venomous barb. [potion
                  | of mutation]
 61804 | Slime:5  | Gained mutation: You have sharp toenails. [potion of
                  | mutation]
 61805 | Slime:5  | Lost mutation: You have sharp toenails. [potion of
                  | mutation]
 61805 | Slime:5  | Lost mutation: You are clumsy. (Dex -2) [potion of
                  | mutation]
 61805 | Slime:5  | Lost mutation: Your natural rate of healing is unusually
                  | fast. [potion of mutation]
 61805 | Slime:5  | Gained mutation: You are resistant to electric shocks.
                  | (rElec) [potion of mutation]
 61806 | Slime:5  | Lost mutation: You are resistant to electric shocks.
                  | (rElec) [potion of mutation]
 61806 | Slime:5  | Lost mutation: You are weak. (Str -2) [potion of mutation]
 61806 | Slime:5  | Gained mutation: You possess an exceptional clarity of
                  | mind. [potion of mutation]
 61807 | Slime:5  | Lost mutation: You occasionally lose the ability to read
                  | scrolls when taking damage. [potion of mutation]
 61807 | Slime:5  | Lost mutation: You possess an exceptional clarity of mind.
                  | [potion of mutation]
 61807 | Slime:5  | Lost mutation: Your tail ends in a venomous barb. [potion
                  | of mutation]
 61807 | Slime:5  | Gained mutation: Your spells are a little easier to cast,
                  | but a little less powerful. [potion of mutation]
 61807 | Slime:5  | Gained mutation: You have hidden genetic defects. [potion
                  | of mutation]
 61807 | Slime:5  | Gained mutation: You have a pair of small horns on your
                  | head. [potion of mutation]
 62296 | Zot:1    | Entered Level 1 of the Realm of Zot
 62390 | Zot:1    | Found a transporter.
 62395 | Zot:1    | Found a transporter.
 62397 | Zot:1    | Noticed Grunn
 62408 | Zot:1    | Killed Grunn
 62594 | Zot:1    | Found a transporter.
 62610 | Zot:1    | Found a transporter.
 62736 | Zot:1    | Noticed a curse toe
 62747 | Zot:1    | Killed a curse toe
 63030 | Zot:1    | Reached skill level 19 in Shields
 63118 | Zot:1    | You fall into a shaft and drop 1 floor!
 63163 | Zot:2    | Gained mutation: You are frail. (-10% HP) [hidden defects]
 63249 | Zot:2    | Noticed a curse toe
 63275 | Zot:2    | Killed a curse toe
 63624 | Zot:2    | Noticed an orb of fire
 63669 | Zot:2    | Reached XP level 24. HP: 140/201 MP: 18/23
 64074 | Zot:2    | Gained mutation: You sometimes lose your temper in combat.
                  | [an orb of fire]
 64077 | Zot:2    | Banished an orb of fire
 64091 | Zot:2    | Lost mutation: You have hidden genetic defects. [potion of
                  | mutation]
 64091 | Zot:2    | Lost mutation: You sometimes lose your temper in combat.
                  | [potion of mutation]
 64091 | Zot:2    | Gained mutation: Your body sometimes deteriorates upon
                  | taking damage. [potion of mutation]
 64091 | Zot:2    | Lost mutation: Your spells are a little easier to cast, but
                  | a little less powerful. [potion of mutation]
 64091 | Zot:2    | Gained mutation: You have sharp toenails. [potion of
                  | mutation]
 64253 | Zot:2    | Identified the +6 scimitar "Kyonaqop" {vamp, Dex+4}
 65063 | Zot:2    | Identified the +7 short sword of Guile {drain, Will+ SInv}
 65491 | Zot:3    | Reached skill level 20 in Shields
 66121 | Zot:4    | Received a gift from Trog
 66374 | Zot:4    | Noticed a Killer Klown
 66396 | Zot:4    | Killed a Killer Klown
 66479 | Zot:4    | Reached skill level 21 in Shields
 66901 | Zot:4    | Identified the +6 mace "Hadomn" {speed, rC+ Dex+3}
 66996 | Zot:4    | Identified a scroll of acquirement
 67005 | Zot:4    | Acquired the ring "Ytrecyas" {Drain rF+++ rN+++ MP+9
                  | Slay-5}
 68593 | Vaults:3 | You paid a toll of +4 storm dragon scales to enter a
                  | treasure trove
 68594 | Trove    | Entered a treasure trove
 68598 | Trove    | Identified the +2 pair of boots "Xuxiurual" {rC+ Str+2}
 68599 | Trove    | Identified the +0 hat of the Flute {rElec rPois rCorr
                  | Int-4}
 68601 | Trove    | Identified the +1 hat "Kasomotu" {Rampage rN++ rCorr Dex-3}
 68606 | Trove    | Identified the +0 pair of boots of Thoughtfulness {Dex+3}
 68612 | Trove    | Identified the +0 pair of gloves of Xeenn {rF+}
 68614 | Trove    | Identified the +4 kite shield "Weokh" {rPois rF- rN+}
 68618 | Trove    | Identified the +1 plate armour "Fuuba" {rPois}
 68619 | Trove    | Identified the +0 pair of boots "Nats" {rF+ rN+}
 68620 | Trove    | Identified the +1 pair of gloves "Notimait" {Str+5}
 68621 | Trove    | Identified the +1 pair of gloves of Wexurynk {*Slow +Blink
                  | rCorr}
 68625 | Trove    | Identified the +2 pair of boots of Dim Light {Regen+}
 68627 | Trove    | Identified the +4 kite shield "Hagum" {Str+5 Slay-6}
 69119 | Zot:5    | Entered Level 5 of the Realm of Zot
 70964 | Zot:5    | Noticed an orb of fire
 71024 | Zot:5    | Gained mutation: You have hidden genetic defects. [an orb
                  | of fire]
 71038 | Zot:4    | Banished an orb of fire
 71045 | Zot:5    | Noticed an orb of fire
 71827 | Zot:5    | Noticed a Killer Klown
 71827 | Zot:5    | Noticed an orb of fire
 71836 | Zot:5    | Noticed a dread lich
 71859 | Zot:5    | Gained mutation: You occasionally shout uncontrollably at
                  | your foes. [an orb of fire]
 71867 | Zot:5    | Killed an orb of fire
 71874 | Zot:5    | Noticed an orb of fire
 71877 | Zot:5    | Gained mutation: You occasionally lose the ability to read
                  | scrolls when taking damage. [an orb of fire]
 71889 | Zot:4    | Lost mutation: You occasionally shout uncontrollably at
                  | your foes. [potion of mutation]
 71889 | Zot:4    | Lost mutation: You have a pair of small horns on your head.
                  | [potion of mutation]
 71889 | Zot:4    | Gained mutation: Your body often deteriorates upon taking
                  | damage. [potion of mutation]
 71890 | Zot:4    | Lost mutation: You have hidden genetic defects. [potion of
                  | mutation]
 71890 | Zot:4    | Lost mutation: Your body often deteriorates upon taking
                  | damage. [potion of mutation]
 71890 | Zot:4    | Gained mutation: You are clumsy. (Dex -2) [potion of
                  | mutation]
 72409 | Zot:5    | Gained mutation: You are dopey. (Int -2) [an orb of fire]
 72416 | Zot:5    | Gained mutation: You have hidden genetic defects. [an orb
                  | of fire]
 72441 | Zot:5    | Killed an orb of fire
 72633 | Zot:5    | Noticed a Killer Klown
 72669 | Zot:5    | Banished a Killer Klown
 72880 | Zot:5    | Killed a Killer Klown
 72923 | Zot:5    | Killed a dread lich
 72924 | Zot:5    | Reached XP level 25. HP: 162/207 MP: 23/23
 72963 | Zot:5    | Gained mutation: Your magical capacity is low. (-10% MP)
                  | [an orb of fire]
 72967 | Zot:5    | Gained mutation: You have terrible hidden genetic defects.
                  | [an orb of fire]
 72969 | Zot:5    | Killed an orb of fire
 73051 | Zot:5    | Noticed a Killer Klown
 73101 | Zot:5    | Killed a Killer Klown
 73110 | Zot:5    | Gained mutation: You are very frail. (-20% HP) [hidden
                  | defects]
 73593 | Zot:5    | Noticed a Killer Klown
 73626 | Zot:5    | Killed a Killer Klown
 73627 | Zot:5    | Noticed a Killer Klown
 73632 | Zot:5    | Killed a Killer Klown
 73853 | Zot:5    | Identified the +0 robe "Fazxiyte" {Rampage Str-2 Int+3}
 73874 | Zot:5    | Noticed an orb of fire
 74116 | Zot:5    | Gained mutation: You are very dopey. (Int -4) [an orb of
                  | fire]
 74117 | Zot:5    | Killed an orb of fire
 74125 | Zot:5    | Upgraded the game from 0.30-a0-867-g305f33218d to
                  | 0.30-a0-870-gc5d4c5acee
 74173 | Zot:5    | Gained mutation: You occasionally shout uncontrollably at
                  | your foes. [hidden defects]
 74173 | Zot:5    | Lost mutation: You have terrible hidden genetic defects.
                  | [hidden defects expressed]
 74186 | Zot:5    | Noticed a Killer Klown
 74343 | Zot:5    | Killed a Killer Klown
 74553 | Zot:5    | Got the Orb of Zot
 74567 | Zot:5    | Noticed Udeskikhliu the pandemonium lord
 74580 | Zot:4    | Noticed Joewuitoxt the pandemonium lord
 75048 | D:$      | Escaped with the Orb!

Illustrated notes

Levels and vault maps discovered:
D:1:      minmay_arrival_four_loops, layout_basic, basic_ecumenical_altar,
          minivault_24
D:2:      layout_loops_corners, serial_shops, nicolae_shop_trees,
          serial_bayou_ford_a, wad_orctagon
D:3:      layout_loops_cross, st_stairs_8, uniq_natasha
D:4:      kennysheep_spiral_hall, layout_basic, minmay_surrounded, uniq_ijyb
D:5:      layout_cave_pools, uniq_eustachio
D:6:      layout_loops_ring, general_overflow_altar, zin_academy,
          minmay_temple_entry_gardened_gates, kennysheep_decorative_pillar
D:7:      hangedman_cross_stitches, layout_gridville,
          hellmonk_ghost_happy_afterlife, grunt_decor_resistance
D:8:      layout_basic, st_stairs_10, dk_noncrumbling_2,
          roderic_cross_of_infinity, minmay_lindwurm_lava
D:9:      layout_stronghold, erik_orc_4
D:10:     layout_loops_cross, kennysheep_windowed_goal
D:11:     layout_basic, david_lair_generic, gammafunk_ghost_grave, uniq_nergalle
D:12:     hangedman_cross_veins, layout_loops_ring, minmay_more_statues
D:13:     minmay_outward_triangles, layout_basic
D:14:     layout_small_grid, lightli_vaults_fourway_checkpoint,
          nicolae_ru_sacrificial_ziggurat
D:15:     grunt_enter_depths_snipers, layout_loops_corners
Temple:   mainiacjoe_temple_cubbyholes
Lair:1:   gammafunk_boulding_lane, layout_loops_ring, uniq_amaemon
Lair:2:   layout_loops_ring, nicolae_swamp_entry_spooky, gauntlet_entry_generic,
          lemuel_fruit_tree, grunt_megastairs_4, infiniplex_staircase_pool_2,
          uniq_erica
Lair:3:   nzn_winding_woodlands_stair_cross
          [nzn_winding_woodlands_5x15_sidewinder,
          nzn_winding_woodlands_center_garden,
          nzn_winding_woodlands_5x15_concentric,
          nzn_winding_woodlands_hourglass, nzn_winding_woodlands_5x5_cross,
          nzn_winding_woodlands_5x15_cabin,
          nzn_winding_woodlands_center_diamonds,
          nzn_winding_woodlands_5x15_longhouse], layout_loops_ring,
          guppyfry_snake_entry_island, minmay_holes,
          nicolae_quartered_pool_impasse, dpeg_oklob_1
Lair:4:   layout_long_grid, minmay_slime_entry_oklob_open, serial_bayou_pond_d,
          cheibrodos_lair_lostbears, serial_bayou_shore_b, grunt_megastairs_1,
          uniq_nessos, uniq_josephine
Lair:5:   guppyfry_lair_end_dragon, layout_cave_shapes,
          hangedman_lair_in_review, ebering_ghost_reflecting_pool
Swamp:1:  layout_basic_swamp, infiniplex_staircase_pool, swamp_pool4,
          roderic_carrion_pond, uniq_roxanne, uniq_nikola
Swamp:2:  layout_basic_swamp, evilmike_swamp_ruin_rubble_1, swamp_pool2,
          nicolae_swamp_oxbows, uniq_frances
Swamp:3:  layout_falls_marsh, hangedman_swamp_diagram, swamp_pool3, uniq_aizul,
          uniq_louise, uniq_kirke
Swamp:4:  swamp_basic_johnstein, layout_basic_swamp, uniq_donald
Snake:1:  layout_misc_corridors, nicolae_snake_gridmaze_squiggle
Snake:2:  layout_misc_corridors, grunt_ministairs_13,
          nicolae_snake_linked_coils, nicolae_shop_self_help, uniq_mlioglotl,
          uniq_vashnia
Snake:3:  layout_cave_town
Snake:4:  minmay_snake_end_coiled, layout_cave_town, serial_shops, shop,
          gammafunk_ghost_split, serial_bayou_pond_c
Slime:1:  layout_caves
Slime:2:  layout_caves, nicolae_slime_barrier
Slime:3:  layout_caves, cheibrodos_slime_lost_civilization_7
Slime:4:  layout_caves
Slime:5
Orc:1:    nicolae_orc_accident_2, layout_caves, serial_shops,
          nicolae_shop_bloodbath_and_beyond, shop, shop, shop,
          nicolae_alphabet_shops
Orc:2:    grunt_orc_gardens, layout_caves, grunt_orc_garden, grunt_orc_garden,
          grunt_orc_garden, grunt_orc_garden, serial_shops,
          nicolae_diamond_shop, nicolae_orc_lost_temple
Elf:1:    elf_arrival_001, layout_geoelf_octagon, mu_enter_wizlab_4,
          minmay_elf_annihilation, mumra_transporter_accident, glass_columns_b,
          uniq_jorgrun, uniq_agnes
Elf:2:    nicolae_elf_blades_crystal_corner, layout_loops_corners
Elf:3:    minmay_elf_hall_x, layout_geoelf_castle, gammafunk_ghost_arena,
          serial_shops, shop, minivault_11
Vaults:1: dpeg_vaults_monster_box, hangedman_vaults_river_flow,
          vaults_dpeg_hooks, nicolae_vaults_circle_grid_a,
          nicolae_vaults_ring_of_whatevers, hangedman_vaults_nails,
          nicolae_vaults_ninety_degrees, nicolae_vaults_bisected_exclaves,
          ontoclasm_vaults_twist, vaults_mumra_hexcomb,
          nicolae_vaults_little_squares_5, layout_vaults_omnicross
Vaults:2: v_rooms_3, vaults_room_corners, nicolae_vaults_mini_display_case,
          nicolae_vaults_network_quincunx
          [nicolae_vaults_network_quincunx_subvault,
          nicolae_vaults_network_quincunx_subvault,
          nicolae_vaults_network_quincunx_subvault,
          nicolae_vaults_network_quincunx_subvault,
          nicolae_vaults_network_quincunx_subvault], v_misc_9,
          grunt_vaults_diagonal, vaults_room_pool,
          hangedman_vaults_stretched_pinwheel, vaults_mumra_lcd,
          ontoclasm_vaults_eye, nicolae_vaults_theta, v_alt_pattern_3,
          vaults_mumra_bighexcomb, ontoclasm_vaults_decontamination,
          nicolae_vaults_little_squares_5, vaults_room_semicircle,
          layout_vaults_maze_bifur, serial_shops, nicolae_shop_advertising_works
          [nicolae_subvault_shop_adworks]
Vaults:3: nicolae_vaults_meeting, nicolae_vaults_little_squares_3,
          ontoclasm_vaults_shuriken, nicolae_vaults_big_ls,
          vaults_standard_mumra_lines, minmay_crypt_entry_simple_plaza,
          nicolae_vaults_network_square, vaults_room_pool,
          nicolae_vaults_network_periphery, vaults_dpeg_diagonal, v_misc_14,
          layout_vaults_big_room, nicolae_trove_entry_free_sample, serial_shops,
          shop, uniq_zenata
Vaults:4: ontoclasm_vaults_loading_screen, v_misc_18,
          grunt_vaults_hallway_short, hangedman_vaults_impose, v_misc_5,
          hangedman_vaults_corner_blocks, layout_vaults_quadrants
Depths:1: hangedman_stitches_corridor, layout_cross, enter_ziggurat_a,
          hangedman_tar_grid_catacomb, grunt_dithmenos_smoke_and_mirrors,
          kennysheep_four_rooms, uniq_asterion
Depths:2: minmay_fractal_lines_corner, layout_basic, nemelex_altar_shiori,
          grunt_mini_vestibule, rand_demon_pan_entry_4, minmay_staircase_bubble
Depths:3: minmay_guarded_unrand_sceptre_of_torment, layout_honeycomb,
          hangedman_abyss_entry_splay, pf_coc_iceberg,
          kennysheep_generic_room_14, uniq_mennas
Depths:4: grunt_zot_entry_hairpin, layout_gridlike, grunt_hell_entry_dis_grunt,
          abyss_entry_flame_altar, grunt_megastairs_5
Zot:1:    layout_concentric_octagons, serial_nicolae_subway,
          nicolae_sub_station_stone, nicolae_sub_station_metal,
          nicolae_sub_station_crystal, uniq_grunn
Zot:2:    dreamdust_black_sun_cult, layout_basic
Zot:3:    layout_onion
Zot:4:    layout_gridlike, hangedman_swamp_dais, lemuel_elevator
Zot:5:    layout_misc_corridors, grunt_ministairs_3, st_stairs_12, drop_trap,
          skrybe_zot_glass_2

Skill      XL: |  1  2  3  4  5  6  7  8  9 10 11 12 13 14 15 16 17 18 19 20 21 22 23 24 25 |
---------------+----------------------------------------------------------------------------+-----
Long Blades    | 4 6 7 9 11 13 14 16 | 16.0
Stealth        | 1 2 3 4 5 8 10 | 10.0
Fighting       | 4 5 7 10 14 15 16 17 18 19 20 | 20.0
Shields        | 3 4 5 8 15 19 21 | 21.0
Dodging        | 4 6 8 9 10 13 14 15 16 17 | 17.0
Evocations     | 3 5 8 9 10 13 16 17 19 20 | 20.0
Throwing       | 3 5 6 11 14 15 16 18 20 | 20.1
Axes           | 2 3 |  3.3
Polearms       | 3 8 11 12 13 | 13.8

Action                     |  1- 3 |  4- 6 |  7- 9 | 10-12 | 13-15 | 16-18 | 19-21 | 22-24 | 25-27 || total
---------------------------+-------+-------+-------+-------+-------+-------+-------+-------+-------++-------
  Melee: Falchion          |   102 |    94 |   204 |    55 |       |       |       |       |       ||   455
         Tailslap          |    12 |    19 |    25 |   115 |   204 |   286 |   325 |   404 |    21 ||  1411
         Punch             |       |     1 |     3 |       |       |       |       |       |       ||     4
         Dagger            |       |     1 |    10 |       |       |       |       |       |       ||    11
         Flail             |       |    15 |       |       |       |       |       |       |       ||    15
         Broad axe         |       |       |       |   179 |       |       |       |       |       ||   179
         Long sword        |       |       |       |    86 |       |       |       |       |       ||    86
         Scimitar          |       |       |       |   273 |    11 |       |       |       |       ||   284
         Double sword      |       |       |       |       |  1100 |  1437 |  1470 |  1093 |       ||  5100
         Headbutt          |       |       |       |       |       |       |       |   186 |       ||   186
         Demon trident     |       |       |       |       |       |       |       |   682 |   205 ||   887
  Throw: Boomerang         |       |     5 |    21 |       |       |    76 |    55 |   155 |    54 ||   366
         Dart              |       |       |    14 |     9 |    10 |     1 |       |       |       ||    34
         Javelin           |       |       |       |       |       |       |       |    14 |    12 ||    26
         Throwing net      |       |       |       |       |       |       |       |     1 |       ||     1
 Invoke: Berserk           |     1 |     5 |       |     1 |     4 |     1 |       |       |       ||    12
         Trog's Hand       |       |     1 |       |     1 |     6 |     5 |     7 |     6 |     1 ||    27
         Brothers in Arms  |       |       |       |     3 |     5 |     6 |     5 |    10 |     2 ||    31
Ability: Breathe Fire      |       |       |    29 |    54 |     5 |    11 |     1 |     1 |       ||   101
  Evoke: Wand              |       |       |       |     1 |     1 |     2 |       |     1 |     3 ||     8
         Condenser vane    |       |       |       |       |     3 |     4 |     7 |     8 |       ||    22
         Phial of floods   |       |       |       |       |       |     1 |     2 |     1 |       ||     4
         Box of beasts     |       |       |       |       |       |     1 |     3 |     3 |     1 ||     8
         Phantom mirror    |       |       |       |       |       |       |     1 |     1 |       ||     2
         Tin of tremorston |       |       |       |       |       |       |       |     2 |       ||     2
    Use: Scroll            |       |       |     8 |    13 |     6 |     7 |     2 |    15 |     2 ||    53
         Potion            |       |       |       |       |     3 |     3 |     2 |    21 |     4 ||    33
   Stab: Sleeping          |     1 |     2 |     8 |     5 |    24 |     6 |    32 |    23 |       ||   101
         Distracted        |       |       |       |       |     6 |     6 |     6 |     8 |     2 ||    28
         Paralysed         |       |       |       |       |     2 |       |       |       |       ||     2
         Petrified         |       |       |       |       |     3 |       |       |       |       ||     3
         Confused          |       |       |       |       |     1 |       |       |       |       ||     1
         Held in net/web   |       |       |       |       |       |       |       |     1 |       ||     1
 Armour: Skin              |    20 |    51 |    99 |   193 |   310 |   201 |   142 |   196 |    15 ||  1227
  Dodge: Dodged            |    69 |    55 |   135 |   434 |   716 |   863 |   618 |   821 |    17 ||  3728
  Block: Buckler           |       |       |     4 |   168 |   262 |   160 |       |       |       ||   594
         Kite shield       |       |       |       |       |       |   379 |  1039 |  1445 |    88 ||  2951
         Tower shield      |       |       |       |       |       |       |       |    45 |       ||    45

Table legend: (Time is in decaauts)
 A = Elapsed time spent in this place.
 B = Non-inter-level travel time spent in this place.
 C = Inter-level travel time spent in this place.
 D = Time resting spent in this place.
 E = Time spent auto-exploring this place.
 F = Levels seen in this place.
 G = Mean time per level.
                   A        B        C        D        E       F      G
               +--------+--------+--------+--------+--------+-----+--------+
         Total |  74121 |  64580 |   9541 |  14366 |  34642 |  56 | 1323.6 |
       Dungeon |  20152 |  16526 |   3626 |   2846 |  10137 |  15 | 1343.5 |
        Temple |      1 |      1 |      0 |      0 |      0 |   1 |    1.0 |
          Lair |   7814 |   6733 |   1081 |   1404 |   3761 |   5 | 1562.8 |
         Swamp |   3962 |   3740 |    222 |    682 |   1943 |   4 |  990.5 |
     Snake Pit |   4985 |   4796 |    189 |    768 |   2693 |   4 | 1246.2 |
    Slime Pits |   2845 |   2665 |    180 |    674 |   1215 |   5 |  569.0 |
  Orcish Mines |   1732 |   1417 |    315 |    122 |    925 |   2 |  866.0 |
   Elven Halls |   4544 |   3929 |    615 |    689 |   1987 |   3 | 1514.7 |
        Vaults |   6769 |   6057 |    712 |    930 |   3815 |   4 | 1692.2 |
        Depths |   8230 |   6770 |   1460 |   2181 |   3384 |   4 | 2057.5 |
           Zot |  10489 |   9351 |   1138 |   3552 |   3995 |   5 | 2097.8 |
         Abyss |    323 |    323 |      0 |     37 |     10 |   1 |  323.0 |
         Trove |     52 |     52 |      0 |      0 |      3 |   1 |   52.0 |
        Wizlab |   1557 |   1557 |      0 |    367 |    573 |   1 | 1557.0 |
      Gauntlet |    660 |    660 |      0 |    109 |    199 |   1 |  660.0 |
               +--------+--------+--------+--------+--------+-----+--------+

Top non-repeatable levels by time:
   Zot:4: 3416 daAuts
     D:9: 2908 daAuts
   Zot:5: 2835 daAuts
Depths:4: 2726 daAuts
   Elf:3: 2384 daAuts
    D:12: 2206 daAuts
   Zot:2: 2004 daAuts
Vaults:3: 1997 daAuts
Depths:2: 1995 daAuts
Depths:3: 1957 daAuts
Vaults:2: 1775 daAuts
  Lair:3: 1759 daAuts
 Snake:4: 1750 daAuts
  Lair:5: 1678 daAuts
    D:11: 1659 daAuts
